 Dungeon Crawl Stone Soup version 0.29.1-14-g9c671dbff4 (webtiles) character file.

Game seed: 9099013178349754708

2066 VictoriousLee the Basher (level 9, -6/71 HPs)
             Began as a Black Draconian Monk on Feb 18, 2023.
             Was an Initiate of Gozag.
             Mangled by a vampire
             ... wielding a +1 vampiric halberd
              (11 damage)
             ... in a bailey.
             The game lasted 00:35:38 (7476 turns).

VictoriousLee the Basher (Black Draconian Monk)     Turns: 7476, Time: 00:35:38

Health: -6/71      AC: 12    Str: 18    XL:     9   Next: 5%
Magic:  9/9        EV: 11    Int: 11    God:    Gozag
Gold:   118        SH:  7    Dex: 13    Spells: 8/8 levels left

rFire   + . .      SeeInvis .   B - +2 war axe (flame)
rCold   + . .      Faith    .   c - +0 kite shield
rNeg    . . .      Spirit   .   (body armour unavailable)
rPois   .          Reflect  .   (helmet restricted)
rElec   +          Harm     .   t - scarf {rC+ rF+}
rCorr   .          Rampage  .   (no gloves)
Will    .....                   I - +0 pair of boots
Stlth   ++........              H - amulet of the acrobat
HPRegen 0.21/turn               E - +4 ring of slaying
MPRegen 0.11/turn               D - +4 ring of protection

@: hasted, very quick
A: breathe lightning, AC +7, unfitting armour, electricity resistance,
cold-blooded
a: Breathe Lightning, Renounce Religion, Potion Petition, Call Merchant, Bribe
Branch


You were in a bailey.
You worshipped Gozag.
Gozag was aware of your devotion.
You visited 2 branches of the dungeon, and saw 8 of its levels.
You also visited: Sewer and Bailey.

You collected 418 gold pieces.
You paid 300 gold pieces to Gozag.

Inventory:

Hand Weapons
 a - a +0 mace
 k - a +0 dagger of draining
 n - a +0 trident of protection
 s - a +4 mace
 w - a +0 mace of protection
 B - a +2 war axe of flaming (weapon)
 F - a +0 morningstar
Missiles
 i - 21 poisoned darts (quivered)
 l - 3 throwing nets
 G - 4 boomerangs
Armour
 c - a +0 kite shield (worn)
 t - a scarf of resistance (worn)
 I - a +0 pair of boots (worn)
Jewellery
 j - a +6 ring of dexterity
 D - a +4 ring of protection (right hand)
 E - a +4 ring of slaying (left hand)
 H - an amulet of the acrobat (around neck)
Scrolls
 d - 3 scrolls of noise {unknown}
 f - 3 scrolls of poison {unknown}
 h - 2 scrolls of enchant weapon {unknown}
 m - 2 scrolls of enchant armour {unknown}
 q - 3 scrolls of amnesia {unknown}
 r - 3 scrolls of immolation {unknown}
 u - a scroll of butterflies {unknown}
 v - 5 scrolls of teleportation {unknown}
 x - 2 scrolls of vulnerability {unknown}
 y - 2 scrolls of blinking {unknown}
Potions
 b - 3 potions of ambrosia
 e - 4 potions of brilliance
 o - 2 potions of haste
 z - a potion of magic
 C - a potion of degeneration {unknown}


   Skills:
 - Level 3.8 Fighting
 + Level 11.8 Maces & Flails
 - Level 3.2 Dodging
 - Level 2.6 Stealth


You had 8 spell levels left.
You didn't know any spells.
Your spell library contained the following spells:

 Spells                   Type           Power      Damage    Failure   Level
 Apportation              Tloc           0%         N/A       78%         1
 Necrotise                Necr           0%         1d4       78%         1
 Summon Small Mammal      Summ           0%         N/A       78%         1


Dungeon Overview and Level Annotations

Branches:
Dungeon (7/15)             Temple (1/1) D:7           Sewer (visited)
 Bailey (1/1)

Altars:
Cheibriados
Dithmenos
Fedhas
Gozag
Hepliaklqana
Makhleb
Nemelex Xobeh
Okawaru
Qazlal
Trog
Uskayaw
Wu Jian
Xom
Yredelemnul
Zin

Annotations:
D:3 3 runed translucent doors, sigtrap's ghost, amateur FoFi


Innate Abilities, Weirdness & Mutations

You can breathe wild blasts of lightning.
Your glossy black scales are hard. (AC +7)
You cannot fit into any form of body armour.
You are resistant to electric shocks. (rElec)
You are cold-blooded and may be slowed by cold attacks.


Message History

Something bites you but does no damage.
You closely miss something. Something hits you!!
* * * LOW HITPOINT WARNING * * *
Something bites you!
* * * LOW HITPOINT WARNING * * *
Something draws strength from your injuries!
You feel much better. Something hits you but does no damage.
Something bites you.
Something draws strength from your injuries!
Okay, then.
You slash something! You burn something.
Your tail-slap misses something.
Something draws life force from you!! Something hits you!
* * * LOW HITPOINT WARNING * * *
Something bites you but does no damage.
Okay, then.
Okay, then. [a] - 460 gold - heal wounds, magic and resistance [b] - 783 gold - resistance, might, heal wounds and magic [c] - 300 gold - haste and heal wounds Purchase which effect?
You don't have enough gold for that! [a] - 460 gold - heal wounds, magic and resistance [b] - 783 gold - resistance, might, heal wounds and magic [c] - 300 gold - haste and heal wounds Purchase which effect?
You no longer have enough gold to petition Gozag for potion effects.
You feel yourself speed up.
You feel much better. Something hits you. Something bites you.
Something draws strength from your injuries!
Okay, then.
You completely miss something. You block something's attack.
Something bites you but does no damage.
You miss something. Something hits you! Something bites you.
Something draws strength from your injuries!
You hit something but do no damage. You slash something! You burn something.
Something hits you!!
* * * LOW HITPOINT WARNING * * *
Something bites you!
You die...
Your body crumbles into a pile of gold.

....##....#..#
....#..$.##..#
♣..##..$##...#
....##......8#
.....##....######
......#...##...8##
.♣♣...#..##.....!##
.♣....#..#...##.:8#
♣.....#..'..# ##@)#
......#..'..####{)#
###..8#..#...##.!.#
..#####.$##.....[##
÷÷# ######...8##
..# ###### ###


There were no monsters in sight!

Vanquished Creatures
  A gargoyle (Bailey)
  A steam dragon (D:6)
  An ice beast (D:6)
  2 orc warriors
  A phantom (D:6)
  2 scorpions
  4 wolf zombies (Bailey)
  8 vampire bats (Bailey)
  A howler monkey (D:5)
  3 orc priests (D:6)
  3 hounds
  2 iguanas
  6 orc wizards
  8 adders
  17 orc zombies (Bailey)
  A shadow imp (D:6)
  A white imp (D:6)
  3 worms
  A dart slug (D:3)
  22 orcs
  5 endoplasms
  A giant cockroach (D:1)
  5 hobgoblins
  6 quokkas
  9 ball pythons
  5 bats
  10 frilled lizards
  14 goblins
  6 kobolds
  A rat (D:2)
150 creatures vanquished.

Vanquished Creatures (others)
  An orc (D:6)
  5 plants
6 creatures vanquished.

Grand Total: 156 creatures vanquished

Notes
Turn   | Place    | Note
-------+----------+-------------------------------------------
     0 | D:1      | VictoriousLee the Draconian Monk began the quest for the
                  | Orb.
     0 | D:1      | Reached XP level 1. HP: 19/19 MP: 1/1
   129 | D:1      | Reached XP level 2. HP: 19/26 MP: 2/2
   890 | D:2      | Found a faded altar of an unknown god.
  1022 | D:2      | Reached XP level 3. HP: 28/33 MP: 3/3
  2101 | D:3      | Reached XP level 4. HP: 33/40 MP: 4/4
  2569 | D:3      | Noticed sigtrap's ghost (amateur FoFi)
  2570 | D:3      | Found a runed translucent gate.
  2570 | D:3      | Found a runed translucent gate.
  2570 | D:3      | Found a runed translucent gate.
  2571 | D:3      | Noticed a kobold brigand
  2705 | D:3      | Found a stormy altar of Qazlal.
  2707 | D:3      | Found a burning altar of Makhleb.
  2891 | D:4      | Reached skill level 4 in Maces & Flails
  2914 | D:4      | Reached XP level 5. HP: 39/46 MP: 5/5
  3004 | D:4      | Reached skill level 5 in Maces & Flails
  3857 | D:5      | Entered Level 5 of the Dungeon
  4141 | D:5      | Found a glowing drain.
  4158 | Sewer    | Entered a sewer
  4270 | Sewer    | Reached XP level 6. HP: 44/52 MP: 6/6
  4682 | D:5      | Reached skill level 6 in Maces & Flails
  5367 | D:6      | Noticed an orc warrior
  5377 | D:6      | Killed an orc warrior
  5378 | D:6      | Reached skill level 7 in Maces & Flails
  5436 | D:6      | Noticed an ice beast
  5452 | D:6      | Killed an ice beast
  5453 | D:6      | Your scales start taking on a glossy black colour.
  5453 | D:6      | Reached XP level 7. HP: 46/58 MP: 7/7
  5453 | D:6      | Gained mutation: You are resistant to electric shocks.
                  | (rElec) [Black Draconian growth]
  5517 | D:6      | Found an iron altar of Okawaru.
  5596 | D:6      | Found a sparkling altar of Nemelex Xobeh.
  5834 | D:6      | Noticed a steam dragon
  5840 | D:6      | Reached skill level 8 in Maces & Flails
  5851 | D:6      | Killed a steam dragon
  6048 | D:6      | Reached skill level 9 in Maces & Flails
  6269 | D:6      | Reached XP level 8. HP: 66/66 MP: 8/8
  6507 | D:7      | Found a staircase to the Ecumenical Temple.
  6516 | Temple   | Entered the Ecumenical Temple
  6591 | Temple   | Became a worshipper of Gozag Ym Sagoz the Greedy
  6723 | D:7      | Found a flagged portal.
  6774 | Bailey   | Entered a bailey
  6937 | Bailey   | Reached skill level 10 in Maces & Flails
  7067 | Bailey   | Reached skill level 11 in Maces & Flails
  7296 | Bailey   | Noticed a gargoyle
  7450 | Bailey   | Killed a gargoyle
  7451 | Bailey   | Reached XP level 9. HP: 48/71 MP: 9/9
  7456 | Bailey   | Found the +7 sceptre of Torment {pain, torment}
  7476 | Bailey   | Mangled by a vampire

Illustrated notes

Levels and vault maps discovered:
D:1:      dpeg_arrival_rooms_with_view, layout_rooms, serial_bayou,
          serial_bayou_pond_d, serial_bayou_pond_a, serial_bayou_pond_c,
          serial_bayou_shore_b
D:2:      layout_loops_corners, basic_ecumenical_altar, minmay_crystal_water
D:3:      layout_loops_cross, grunt_temple_overflow_open,
          gammafunk_ghost_nasty_kobolds, bh_walls_and_bars
D:4:      layout_rooms
D:5:      layout_loops_ring, cheibrodos_sewer_entry_bend
D:6:      layout_rooms, mainiacjoe_overflow_large_starburst,
          serial_corexii_hall, chequers_hall_statues_wall_a,
          corexii_hall_statues_u, corexii_hall_statues_l,
          nicolae_zen_rock_garden
D:7:      layout_cave_pods, minmay_temple_entry_waves, enter_bailey_5,
          serial_bayou_crossing
Temple:   jpeg_temple_clearing
Bailey:   bailey_polearm_vampire_castle_hellmonk, bailey

Skill      XL: |  1  2  3  4  5  6  7  8 |
---------------+-------------------------+-----
Stealth        | 2 |  2.6
Dodging        | 3 |  3.2
Maces & Flails | 4 5 7 9 11 | 11.8
Fighting       | |  3.8

Action                   |  1- 3 |  4- 6 |  7- 9 || total
-------------------------+-------+-------+-------++-------
Melee: Mace              |   122 |   169 |   124 ||   415
       Tailslap          |    14 |    20 |    27 ||    61
       War axe           |       |       |    52 ||    52
Invok: Potion Petition   |       |       |     1 ||     1
  Use: Scroll            |       |     7 |     1 ||     8
       Potion            |       |     2 |     6 ||     8
 Stab: Sleeping          |     5 |     5 |     3 ||    13
       Distracted        |       |     1 |       ||     1
       Invisible         |       |       |     3 ||     3
Armor: Skin              |    32 |    44 |    75 ||   151
Dodge: Dodged            |    61 |    79 |   114 ||   254
Block: Kite shield       |    47 |    60 |    62 ||   169
